 Dungeon Crawl Stone Soup version 0.31.0-11-ge490571c62 (webtiles) character file.

Game seed: 68979715511318952

18 qw the Shooter (level 2, -1/16 HPs)
             Began as a Deep Elf Hunter on Feb 5, 2024.
             Slain by a jackal (3 damage)
             ... on level 1 of the Dungeon.
             The game lasted 00:00:18 (219 turns).

qw the Shooter (Deep Elf Hunter)                     Turns: 219, Time: 00:00:19

Health: -1/16      AC:  3    Str:  8    XL:     2   Next: 48%
Magic:  4/4        EV: 12    Int: 13    God:
Gold:   24         SH:  0    Dex: 18    Spells: 1/1 levels left

rFire   . . .        a - +0 shortbow
rCold   . . .        (shield currently unavailable)
rNeg    . . .        c - +0 leather armour
rPois   .            (no helmet)
rElec   .            (no cloak)
rCorr   .            (no gloves)
SInv    .            (no boots)
Will    .....        (no amulet)
Stlth   ++           (no ring)
HPRegen 0.22/turn    (no ring)
MPRegen 0.09/turn

%: no passive effects
@: no status effects
A: no striking features
a: no special abilities


You were on level 1 of the Dungeon.
You visited 1 branch of the dungeon, and saw 1 of its levels.

You collected 24 gold pieces.


   Skills:
 - Level 1.5 Fighting
 + Level 6.3 Ranged Weapons
 - Level 2.4 Dodging
 - Level 1.2 Stealth


You had one spell level left.
You didn't know any spells.
Your spell library was empty.

Inventory:

Hand Weapons
 a - a +0 shortbow (weapon)
Armour
 c - a +0 leather armour (worn)
 d - a scarf of shadows
 f - a +0 cloak
 g - a +0 scale mail
Scrolls
 b - a scroll of butterflies
 e - a scroll of identify {unknown}

Dungeon Overview and Level Annotations

Branches:
Dungeon (1/15)

Altars:


Message History

You shoot an arrow.
The arrow closely misses the giant cockroach.
The arrow hits the kobold.
The kobold is moderately wounded.
The jackal bites you. The giant cockroach barely misses you.
The jackal closely misses you. The jackal bites you.
You shoot an arrow.
The arrow barely misses the giant cockroach.
The arrow hits the kobold.
You kill the kobold!
The giant cockroach bites you but does no damage.
The jackal closely misses you. x2; The giant cockroach barely misses you.
The jackal closely misses you. The jackal misses you.
You shoot an arrow.
The arrow hits the giant cockroach but does no damage.
The jackal completely misses you. The jackal bites you.
The giant cockroach barely misses you.
You shoot an arrow. The arrow hits the giant cockroach.
The giant cockroach is moderately wounded.
The jackal bites you. The jackal closely misses you.
The giant cockroach bites you but does no damage.
The jackal bites you but does no damage. x2
The giant cockroach closely misses you.
You shoot an arrow.
The arrow hits the giant cockroach but does no damage.
The giant cockroach is moderately wounded.
The jackal barely misses you. The jackal closely misses you.
The giant cockroach closely misses you.
You shoot an arrow.
The arrow closely misses the giant cockroach.
The jackal bites you but does no damage. x2
The giant cockroach barely misses you. The jackal barely misses you. x2
You shoot an arrow. The arrow hits the giant cockroach!
You kill the giant cockroach!
The jackal closely misses you. The jackal misses you.
The jackal bites you but does no damage.
You shoot an arrow.
The arrow hits the jackal but does no damage.
The jackal bites you.
You die...

####.##.# #.......
######....##.# #.......
#.........##.# #.....%.
#....%....##.# #.......
#....).......###.......
#......................
#.........##.###.......
#.........##.##........
#.....@...##...........
#....hh...##.##...[....
#......%..##...........
#.....................#
#.........)...........#
##########.... .... ..)


You could see 2 jackals.

Vanquished Creatures
  2 endoplasms (D:1)
  A giant cockroach (D:1)
  2 goblins (D:1)
  A hobgoblin (D:1)
  2 jackals (D:1)
  2 quokkas (D:1)
  A ball python (D:1)
  A bat (D:1)
  3 kobolds (D:1)
  A rat (D:1)
16 creatures vanquished.

Notes
Turn   | Place    | Note
-------+----------+-------------------------------------------
     0 | D:1      | qw the Deep Elf Hunter began the quest for the Orb.
     0 | D:1      | Reached XP level 1. HP: 12/12 MP: 3/3
     0 | D:1      | 0 ||| qw: Version: 0.3-a-160-g6735b56
     0 | D:1      | 0 ||| qw: Game counter: 6401
     0 | D:1      | 0 ||| qw: Melee chars always use a shield: true
     0 | D:1      | 0 ||| qw: God list: Okawaru
     0 | D:1      | 0 ||| qw: Allow faded altars: false
     0 | D:1      | 0 ||| qw: Do Orc after clearing Dungeon:15 true
     0 | D:1      | 0 ||| qw: Do second Lair branch before Depths: true
     0 | D:1      | 0 ||| qw: Lair rune preference: random
     0 | D:1      | 0 ||| qw: Goals: Normal
     0 | D:1      | 0 ||| PLANNING D:1-11
   153 | D:1      | Reached XP level 2. HP: 16/16 MP: 4/4
   157 | D:1      | Reached skill level 6 in Ranged Weapons
   205 | D:1      | 205 ||| RETREEEEATING.
   210 | D:1      | HP: 4/16 [jackal (1)]
   215 | D:1      | HP: 1/16 [jackal (1)]
   219 | D:1      | Slain by a jackal

Levels and vault maps discovered:
D:1:      shiori_shiawase, layout_basic

Skill      XL: |  1  2 |
---------------+-------+-----
Ranged Weapons | 6 |  6.3
Fighting       | |  1.5
Dodging        | |  2.4
Stealth        | |  1.2

Action                     || total
---------------------------++-------
   Fire: Shortbow          ||    41
 Armour: Leather armour    ||    29
  Dodge: Dodged            ||    33

Table legend:
 A = Non-vault XP
 B = Vault XP
 C = Vault XP percentage of total XP
 D = Non-vault monster count
 E = Vault monster count
 F = Vault count percentage of total count
                 A         B        C        D         E       F
            +---------+---------+-------+---------+---------+-------
      Total |      26 |       0 |   0.0 |      16 |       0 |   0.0
            +---------+---------+-------+---------+---------+-------
        D:1 |      26 |       0 |   0.0 |      16 |       0 |   0.0
            +---------+---------+-------+---------+---------+-------
